 Dungeon Crawl Stone Soup version 0.23-a0-837-ga3e6480 (webtiles) character file.

6906 Blackhawk the Grappler (level 10, -6/98 HPs)
             Began as a Troll Monk on Jan 24, 2019.
             Was an Elder of Makhleb.
             Shot with an arrow by a centaur warrior (10 damage)
             ... on level 9 of the Dungeon.
             The game lasted 00:23:21 (7763 turns).

Blackhawk the Grappler (Troll Monk)                 Turns: 7763, Time: 00:23:22

Health: -6/98      AC:  8    Str: 21    XL:     10   Next: 79%
Magic:  0/13       EV: 14    Int:  6    God:    Makhleb [****..]
Gold:   637        SH:  0    Dex: 15    Spells: 9/9 levels left

rFire    . . .     SeeInvis .   b - +2 hand axe (venom)
rCold    . . .     Gourm    +   (no shield)
rNeg     + . .     Faith    .   B - +1 robe {rN+}
rPois    +         Spirit   +   y - +1 hat
rElec    .         Reflect  .   (no cloak)
rCorr    .         Harm     .   (gloves unavailable)
MR       .....                  (boots unavailable)
Stlth    ++........             A - amulet of guardian spirit
HPRegen  0.66/turn              x - ring of wizardry
MPRegen  0.13/turn              J - ring of poison resistance

@: no status effects
A: large, unfitting armour, claws 3, fast metabolism 3, gourmand, regeneration
1, shaggy fur 1, tough skin 3
a: Minor Destruction, Lesser Servant of Makhleb, Major Destruction, Renounce
Religion


You were on level 9 of the Dungeon.
You worshipped Makhleb.
Makhleb was greatly pleased with you.
You were very full.

You visited 1 branch of the dungeon, and saw 9 of its levels.

You collected 637 gold pieces.

Inventory:

Hand Weapons
 b - a +2 hand axe of venom (weapon)
 H - the +4 whip "Jereb" {protect, Int+4}
   (You found it on level 6 of the Dungeon)

   It protects the one who uses it against injury (+AC on strike).
   It affects your intelligence (+4).
Missiles
 e - 5 tomahawks
 j - 390 stones (quivered)
 u - 13 large rocks
 C - a throwing net
 N - 7 tomahawks of dispersal
 O - 8 exploding tomahawks
Armour
 a - a +0 robe
 y - a +1 hat (worn)
 B - a +1 robe of positive energy (worn)
 R - a +2 robe of cold resistance
Jewellery
 x - a ring of wizardry (left claw)
 A - an amulet of guardian spirit (around neck)
 J - a ring of poison resistance (right claw)
 M - an uncursed ring of wizardry
Scrolls
 d - 6 scrolls of remove curse {unknown}
 f - 3 scrolls of enchant armour {unknown}
 g - 2 scrolls of fear {unknown}
 l - 6 scrolls of amnesia
 p - a scroll of blinking {unknown}
 q - 4 scrolls of immolation
 r - 2 scrolls of enchant weapon {unknown}
 s - 4 scrolls of teleportation {unknown}
 w - 4 scrolls of fog {unknown}
 F - a scroll of silence {unknown}
 I - a scroll of magic mapping {unknown}
 K - a scroll of random uselessness {unknown}
 Q - a scroll of vulnerability {unknown}
 S - a scroll of identify
Potions
 c - 2 potions of ambrosia {unknown}
 h - 3 potions of resistance
 i - a potion of curing {unknown}
 k - a potion of mutation {unknown}
 m - 3 potions of flight
 n - 2 potions of heal wounds
 o - a potion of lignification {unknown}
 t - 2 potions of agility
 z - a potion of might
 D - 3 potions of degeneration {unknown}
 G - a potion of cancellation {unknown}
 L - 2 potions of invisibility {unknown}
 P - a potion of magic {unknown}
Comestibles
 v - 15 rations


   Skills:
 + Level 5.6 Fighting
 + Level 3.5 Throwing
 + Level 7.0 Dodging
 - Level 1.0 Stealth
 * Level 11.3 Unarmed Combat
 + Level 5.7 Invocations


You had 9 spell levels left.
You didn't know any spells.
Your spell library contained the following spells:

 Spells                   Type           Power        Failure   Level  Hunger
 Magic Dart               Conj           #...         21%         1    ##.....
 Sandblast                Erth           #.....       21%         1    ##.....
 Passwall                 Tmut/Erth      #.......     28%         2    ###....
 Searing Ray              Conj           #.....       28%         2    ###....
 Dazzling Spray           Conj/Hex       #.....       50%         3    ####...
 Stone Arrow              Conj/Erth      #.....       50%         3    ####...
 Force Lance              Conj/Tloc      #.......     86%         4    #####..
 Fulminant Prism          Conj/Hex       #.........   86%         4    #####..
 Iskenderun's Mystic Bla  Conj           #.......     86%         4    #####..
 Petrify                  Tmut/Erth      #.......     86%         4    #####..
 Lee's Rapid Deconstruct  Erth           #.........   99%         5    ######.


Dungeon Overview and Level Annotations

Branches:
Dungeon (9/15)             Temple (0/1) D:7            Lair (0/6) D:8
    Orc: D:9-12

Altars:
Makhleb

Annotations:
D:7 1 runed door
D:8 3 runed doors, GroovyGamera's ghost, novice GrFi


Innate Abilities, Weirdness & Mutations

You are too large for most types of armour.
You have claws for hands.
Your metabolism is lightning-fast.
You like to eat raw meat.
Your natural rate of healing is unusually fast.
You are covered in fur. (AC +1)
You have extremely tough skin. (AC +3)


Message History

The centaur warrior hits you!
* * * LOW HITPOINT WARNING * * *
You hit the centaur warrior.
The centaur warrior is severely wounded.
The centaur warrior hits you but does no damage.
The centaur warrior barely misses you.
You completely miss the centaur warrior.
The centaur warrior is severely wounded.
The centaur warrior hits you!
* * * LOW HITPOINT WARNING * * *
The centaur warrior misses you.
Press: ? - help, Shift-Dir - straight line, f - centaur warrior
Aim: a centaur warrior (heavily wounded, poisoned)
The centaur warrior writhes in agony!
The centaur warrior hits you.
* * * LOW HITPOINT WARNING * * *
The centaur warrior misses you.
You see here an arrow.
The centaur warrior wields a +0 longbow.
The centaur warrior shoots an arrow.
The arrow hits you!
You die...

.#######.# ####.#.####
##. .#PCZ.P#.#
#.......# #..
.#.###.#.# #.......#
###.. .'.#!Sc#.#
#.<.....######.... (#
#.# ########.......#..
.# #.###
####...#######..
.#######...# #....###
###
...........#######.####
####.#.#......c(@..#
#.#.#(##..>#########
##.........#
#...####...#
####.##...##
..........# .###'###..#
.#P...P#..# .#.###.#..#


You could see a centaur warrior.

Vanquished Creatures
  Pikel (D:8)
  2 cyclopes
  A komodo dragon (shapeshifter) (D:9)
  A troll (D:8)
  A hornet (D:9)
  Grinder (D:4)
  Sigmund (D:5)
  A wraith (D:9)
  A human (D:7)
  4 hogs (D:7)
  Grum (D:8)
  A sky beast (D:7)
  4 ice beasts
  4 ogres
  2 phantoms
  3 slaves (D:8)
  A necrophage (D:7)
  5 wolves (D:8)
  3 centaurs
  A bullfrog (D:6)
  2 scorpions
  3 wights (D:7)
  2 electric eels (D:8)
  6 crimson imps
  2 bullfrog zombies
  11 hounds
  3 jellies
  6 orc priests
  A centaur skeleton (D:6)
  A bullfrog skeleton (D:8)
  4 iguanas
  6 worker ants
  2 orc wizards (D:9)
  A killer bee zombie (D:7)
  A hound skeleton (D:7)
  9 gnolls
  10 adders
  2 oozes
  An adder zombie (D:6)
  6 worms
  An adder skeleton (D:4)
  3 dart slugs
  3 leopard geckos
  16 orcs
  4 giant cockroaches
  9 goblins
  5 hobgoblins
  5 jackals
  2 quokkas
  3 ball pythons
  9 bats
  9 frilled lizards
  A jackal skeleton (D:6)
  11 kobolds
  12 rats
211 creatures vanquished.

Vanquished Creatures (others)
  3 plants (D:9)
3 creatures vanquished.

Grand Total: 214 creatures vanquished

Notes
Turn   | Place    | Note
-------+----------+-------------------------------------------
     0 | D:1      | Blackhawk the Troll Monk began the quest for the Orb.
     0 | D:1      | Reached XP level 1. HP: 22/22 MP: 0/0
   199 | D:1      | Reached XP level 2. HP: 29/29 MP: 1/1
   811 | D:2      | Reached XP level 3. HP: 31/36 MP: 2/2
   853 | D:2      | Reached skill level 4 in Unarmed Combat
  1085 | D:2      | Reached XP level 4. HP: 43/44 MP: 3/3
  1396 | D:2      | Reached skill level 5 in Unarmed Combat
  1396 | D:2      | Reached XP level 5. HP: 46/50 MP: 4/4
  2675 | D:4      | Noticed an ogre
  2695 | D:3      | Killed an ogre
  2695 | D:3      | Reached skill level 6 in Unarmed Combat
  2695 | D:3      | Reached XP level 6. HP: 21/59 MP: 5/5
  3096 | D:4      | Found a burning altar of Makhleb.
  3110 | D:4      | Became a worshipper of Makhleb the Destroyer
  3110 | D:4      | Reached * piety under Makhleb
  3110 | D:4      | Reached ** piety under Makhleb
  3253 | D:4      | Reached XP level 7. HP: 66/66 MP: 6/6
  3441 | D:4      | Noticed Grinder
  3444 | D:4      | Paralysed by Grinder for 2 turns
  3450 | D:4      | Paralysed by Grinder for 4 turns
  3460 | D:4      | Paralysed by Grinder for 3 turns
  3464 | D:4      | Killed Grinder
  3464 | D:4      | Reached skill level 7 in Unarmed Combat
  3464 | D:4      | Reached skill level 1 in Invocations
  3605 | D:5      | Entered Level 5 of the Dungeon
  3927 | D:5      | Noticed Sigmund
  3949 | D:5      | Killed Sigmund
  3949 | D:5      | Reached XP level 8. HP: 52/74 MP: 5/8
  4467 | D:5      | Reached skill level 8 in Unarmed Combat
  4527 | D:6      | Reached skill level 5 in Dodging
  4782 | D:6      | Got a transparent whip
  4783 | D:6      | Identified the +4 whip "Jereb" {protect, Int+4} (You found
                  | it on level 6 of the Dungeon)
  5248 | D:7      | Reached skill level 9 in Unarmed Combat
  5292 | D:7      | Reached *** piety under Makhleb
  5330 | D:7      | Reached XP level 9. HP: 84/84 MP: 10/10
  5562 | D:7      | Found a runed door.
  5745 | D:7      | Found a staircase to the Ecumenical Temple.
  5903 | D:8      | Found a staircase to the Lair.
  5905 | D:8      | Noticed Pikel
  5910 | D:8      | Noticed a troll
  5936 | D:8      | Reached skill level 10 in Unarmed Combat
  5955 | D:8      | Reached skill level 1 in Throwing
  5960 | D:8      | Killed a troll
  6184 | D:8      | Found a runed gate.
  6184 | D:8      | Found a runed gate.
  6184 | D:8      | Found a runed gate.
  6186 | D:8      | Noticed GroovyGamera's ghost (novice GrFi)
  6239 | D:8      | Killed Pikel
  6239 | D:8      | Reached skill level 5 in Fighting
  6239 | D:8      | Reached XP level 10. HP: 96/96 MP: 12/12
  6278 | D:8      | Noticed Grum
  6302 | D:8      | Killed Grum
  6302 | D:8      | Reached skill level 5 in Invocations
  6308 | D:8      | Reached **** piety under Makhleb
  7194 | D:9      | Noticed a cyclops
  7195 | D:9      | Noticed a cyclops
  7197 | D:9      | Reached skill level 11 in Unarmed Combat
  7347 | D:8      | Killed a cyclops
  7560 | D:9      | Killed a cyclops
  7670 | D:9      | Noticed a cyclops
  7670 | D:9      | Noticed a guardian serpent
  7672 | D:9      | Noticed a centaur warrior
  7761 | D:9      | HP: 3/98 [centaur warrior (2)]
  7763 | D:9      | Shot with an arrow by a centaur warrior

Vault maps used:
D:1:      lemuel_arrival_behind_the_door_small, minmay_cupped
D:2:      minmay_spotlight, kennysheep_generic_room_7
D:4:      makhleb_blood_cavern_becter, first_ration, uniq_grinder
D:5:      uniq_sigmund
D:7:      minmay_temple_entry_poolview, grunt_livestock, uniq_crazy_yiuf_cottage
D:8:      erik_lair_island, ebering_ghost_rock_garden, uniq_pikel, uniq_grum
D:9:      minmay_shattered_shrine

Skill      XL: |  1  2  3  4  5  6  7  8  9 10 |
---------------+-------------------------------+-----
Unarmed Combat | 4 5 6 7 9 10 11 | 11.3
Dodging        | 3 4 5 6 7 |  7.0
Invocations    | 2 3 4 5 |  5.7
Fighting       | 3 5 |  5.6
Throwing       | 2 3 |  3.5
Stealth        | |  1.0

Action                   |  1- 3 |  4- 6 |  7- 9 | 10-12 || total
-------------------------+-------+-------+-------+-------++-------
Melee: Unarmed           |    92 |   152 |   225 |   103 ||   572
       Punch             |     1 |     4 |     9 |    16 ||    30
       Hand axe          |       |     4 |    23 |    30 ||    57
Invok: Minor Destruction |       |       |       |     2 ||     2
       Lesser Servant of |       |       |       |     1 ||     1
  Use: Scroll            |       |       |     7 |       ||     7
 Stab: Sleeping          |     4 |     5 |     2 |       ||    11
       Distracted        |       |     1 |       |       ||     1
  Eat: Chunk             |    15 |    20 |    27 |    13 ||    75
Armor: Robe              |    30 |    46 |    72 |    31 ||   179
Dodge: Dodged            |    40 |    97 |   180 |    75 ||   392

Table legend:
 A = Non-vault XP
 B = Vault XP
 C = Vault XP percentage of total XP
 D = Non-vault monster count
 E = Vault monster count
 F = Vault count percentage of total count
                 A         B        C        D         E       F
            +---------+---------+-------+---------+---------+-------
      Total |    4461 |    5405 |  54.8 |     170 |      38 |  18.3
            +---------+---------+-------+---------+---------+-------
        D:1 |      25 |       2 |   7.4 |      17 |       2 |  10.5
        D:2 |     229 |      13 |   5.4 |      39 |       7 |  15.2
        D:3 |     189 |       0 |   0.0 |      21 |       0 |   0.0
        D:4 |     265 |     321 |  54.8 |      18 |       2 |  10.0
        D:5 |     391 |     231 |  37.1 |      15 |       1 |   6.2
        D:6 |     636 |       0 |   0.0 |      15 |       0 |   0.0
        D:7 |     833 |     972 |  53.9 |      17 |       5 |  22.7
        D:8 |    1063 |    2580 |  70.8 |      17 |      15 |  46.9
        D:9 |     830 |    1286 |  60.8 |      11 |       6 |  35.3
            +---------+---------+-------+---------+---------+-------
